 Dungeon Sprint DCSS version 0.30.1-4-g462c640d31 (webtiles) character file.

Game seed: 14583472300326433036

27 Heoruswealwe the Ruffian (level 2, 31/31 HPs)
             Began as a Troll Berserker on Aug 18, 2023.
             Was a Follower of Trog.
             Got out of the dungeon alive.
             The game lasted 00:00:26 (15 turns).

Heoruswealwe the Ruffian (Troll Berserker)            Turns: 15, Time: 00:00:26

Health: 31/31      AC: 12    Str: 24    XL:     2   Next: 93%
Magic:  1/1        EV: 19    Int:  3    God:    Trog [*.....]
Gold:   0          SH:  0    Dex:  9    Spells: 1/1 levels left

rFire   . .          .
                       - Unarmed
rCold   . . .        (shield currently unavailable)
rNeg    + + +        a - melded +0 animal skin
rPois   +            (helmet currently unavailable)
rElec   .            (cloak currently unavailable)
rCorr   .            (gloves unavailable)
SInv    .            (boots unavailable)
Will    .....        (no amulet)
Stlth   +            (no ring)
HPRegen 1.05/turn    (no ring)
MPRegen 0.07/turn

%: no teleportation
@: fungus-form (expiring)
A: melee confuse, terrified, no casting, tiny, unfitting armour, (claws 3),
regeneration 1, (shaggy fur 1), (tough skin 1)
a: Renounce Religion, Berserk


You escaped.
You worshipped Trog.
Trog was aware of your devotion.
You were a sentient fungus.
You visited 1 branch

Inventory:

Armour
 a - a +0 animal skin (melded)
Wands
 h - a wand of polymorph (4)
Scrolls
 g - a scroll of blinking
Potions
 b - a potion of curing
 c - a potion of heal wounds
 d - a potion of haste
 e - 2 potions of magic
 f - a potion of berserk rage


   Skills:
 + Level 3.4 Fighting
 + Level 3.4 Dodging
 * Level 5.1 Unarmed Combat


You had one spell level left.
You didn't know any spells.
Your spell library was empty.

Dungeon Overview and Level Annotations

Branches:
Dungeon (1/1)

Altars:


Innate Abilities, Weirdness & Mutations

You are a sentient fungus.
You are tiny and evasive.
Your melee attack releases spores that confuse breathing creatures.
You become terrified and freeze when enemies are visible.
Your armour is entirely melded.
You are incapable of wielding weapons or throwing items.
You cannot cast spells.
You are too large for most types of armour.
((You have claws for hands.))
Your natural rate of healing is unusually fast.
((You are covered in fur. (AC +1)))
((You have tough skin. (AC +1)))


Message History

Trog says: Kill them all!
Press ? for a list of commands and other information.
Found a staircase leading out of the dungeon.
You open the door.
Ijyb the Twisted Goblin comes into view.
She is wielding a +0 dagger, wearing a +2 scale mail of willpower and carrying a wand of polymorph (5).
Ijyb shouts!
Ijyb zaps a wand.
You turn into a sentient fungus.
Your +0 animal skin melds into your body.
You're too terrified to move while being watched!
You're too terrified to move while being watched!
You're too terrified to move while being watched!
You barely miss Ijyb. Ijyb closely misses you.
You release spores at Ijyb.
Ijyb is moderately wounded.
Ijyb barely misses you.
You barely miss Ijyb.
Ijyb is moderately wounded.
Ijyb barely misses you.
You release spores at Ijyb!
Ijyb is heavily wounded.
Ijyb drinks a potion.
Ijyb seems to speed up.
You release spores at Ijyb!
Ijyb is almost dead.
Ijyb closely misses you.
You release spores at Ijyb.
You kill Ijyb!
Trog accepts your kill.
Your Fighting skill increases to level 3!
Your Dodging skill increases to level 3!
Your Unarmed Combat skill gained 2 levels and is now at level 5!
You have reached level 2!
h - a wand of polymorph (4)
There is an open door, spattered with blood here.
Things that are here:
a +0 dagger; a +2 scale mail of willpower Your transformation is almost over.
There is a staircase leading out of the dungeon here.
Are you sure you want to leave the Dungeon?
This will make you lose the game!
You have escaped!

#######
#f.#..+
#..)..#
#..####
#..#
#..#
#..#
#⌠⌠#
####


There were no monsters in sight!

Vanquished Creatures
  Ijyb (D)
1 creature vanquished.

Notes
Turn   | Place    | Note
-------+----------+-------------------------------------------
     0 | D        | Heoruswealwe the Troll Berserker began the quest for the
                  | Orb.
     0 | D        | Reached XP level 1. HP: 22/22 MP: 0/0
     1 | D        | Noticed Ijyb
     9 | D        | Killed Ijyb
    10 | D        | Reached skill level 5 in Unarmed Combat
    10 | D        | Reached XP level 2. HP: 31/31 MP: 1/1
    15 | D        | Got out of the dungeon alive.

Illustrated notes

Levels and vault maps discovered:
D:        dungeon_sprint_1 [red_sonja_temple_1, red_sonja_temple_small_1]

Skill      XL: |  1 |
---------------+----+-----
Fighting       | 3 |  3.4
Dodging        | 3 |  3.4
Unarmed Combat | 5 |  5.1

Action                     || total
---------------------------++-------
  Melee: Unarmed           ||     6
  Dodge: Dodged            ||     4
